 Dungeon Crawl Stone Soup version 0.29-a0-617-g7a6b98fccd (webtiles) character file.

Game seed: 872314757328170338

85 frimble the Grasshopper (level 4, -1/29 HPs)
             Began as an Octopode Warper on June 17, 2022.
             Slain by a hound (5 damage)
             ... on level 4 of the Dungeon.
             The game lasted 00:03:14 (2806 turns).

frimble the Grasshopper (Octopode Warper)           Turns: 2806, Time: 00:03:15

Health: -1/29      AC:  1    Str: 10    XL:     4   Next: 48%
Magic:  7/7        EV: 13    Int: 17    God:
Gold:   61         SH:  0    Dex: 11    Spells: 5/7 levels left

rFire   . . .      SeeInvis .   a - +0 falchion
rCold   . . .      Faith    .   (no shield)
rNeg    . . .      Spirit   .   (helmet restricted)
rPois   .          Reflect  .   (no amulet)
rElec   .          Harm     .   (no ring)
rCorr   .          Rampage  .   (no ring)
Will    .....                   (no ring)
Stlth   +++.......              (no ring)
HPRegen 0.09/turn               (no ring)
MPRegen 0.10/turn               (no ring)
                                (no ring)
                                (no ring)

@: no status effects
A: almost no armour, amphibious, 8 rings, camouflage 1, gelatinous body 1,
(nimble swimmer 1), tentacles
a: no special abilities


You were on level 4 of the Dungeon.
You visited 1 branch of the dungeon, and saw 4 of its levels.

You collected 148 gold pieces.
You spent 87 gold pieces at shops.

Inventory:

Hand Weapons
 a - a +0 falchion (weapon)
 l - a +0 hunting sling
Missiles
 c - 7 boomerangs of dispersal (quivered)
Scrolls
 b - 2 scrolls of blinking
 d - 2 scrolls of teleportation
 m - a scroll of acquirement {unknown}
Potions
 e - 2 potions of brilliance
 f - 2 potions of curing
 g - 2 potions of heal wounds {unknown}
 h - a potion of might {unknown}
 i - a potion of mutation {unknown}
 j - a potion of magic {unknown}
 k - 2 potions of flight {unknown}


   Skills:
 - Level 2.0 Fighting
 + Level 3.0 Long Blades
 - Level 1.0 Throwing
 - Level 2.3 Dodging
 + Level 3.1 Stealth
 - Level 2.0 Spellcasting
 + Level 3.8 Translocations


You had 5 spell levels left.
You knew the following spells:

 Your Spells              Type           Power      Damage    Failure   Level
a - Blink                 Tloc           28%        N/A       6%          2

Your spell library contained the following spells:

 Spells                   Type           Power      Damage    Failure   Level
 Gell's Gravitas          Tloc           14%        N/A       12%         3
 Lesser Beckoning         Tloc           14%        N/A       12%         3
 Teleport Other           Tloc           14%        N/A       12%         3
 Manifold Assault         Tloc           14%        N/A       73%         5


Dungeon Overview and Level Annotations

Branches:
Dungeon (3/15)

Altars:

Shops:
D:2 *


Innate Abilities, Weirdness & Mutations

You cannot wear most types of armour.
You are amphibious.
You can wear up to eight rings at the same time.
Your skin changes colour to match your surroundings (Stealth+).
Your rubbery body absorbs attacks. (AC +1, EV +1)
((You are camouflaged when in or above water. (Stealth+)))
You have tentacles for arms and can constrict up to eight enemies at once.


Message History

You hit the giant cockroach.
The adder hisses angrily.
You grab the giant cockroach.
The giant cockroach is severely wounded.
You constrict the giant cockroach. The giant cockroach barely misses you.
You hit the giant cockroach.
You kill the giant cockroach!
The adder misses you.
You closely miss the adder. You grab the adder. You squeeze the adder.
The adder is lightly wounded.
You constrict the adder, but do no damage.
The adder closely misses you.
You slash the adder!
The adder is severely wounded.
You constrict the adder. The adder barely misses you.
The adder closely misses you.
You hit the adder.
You kill the adder!
You see here an adder corpse.
Found a robe.
The helpless hound fails to defend itself.
You hit the hound. You grab the hound.
You squeeze the hound, but do no damage.
The hound is lightly wounded.
You constrict the hound. The hound bites you. x2
You hit the hound but do no damage.
The hound is lightly wounded.
You constrict the hound, but do no damage.
The hound barely misses you.
You hit the hound.
The hound is moderately wounded.
You constrict the hound. The hound bites you.
* * * LOW HITPOINT WARNING * * *
The hound misses you.
You hit the hound.
The hound is severely wounded.
You constrict the hound. The hound bites you.
* * * LOW HITPOINT WARNING * * *
The hound bites you.
You die...

#.#....## #. .####.
#.#.....# .[.......
#......##
........######.#....#
#..##.....##..#..###
#.........#.....##
#.........#..####
#.........#
#..@...†.##
##h...#### #.....#
.......## ##...###
#####


You could see a hound.

Vanquished Creatures
  A hound (D:4)
  An adder (D:4)
  2 worms (D:2)
  3 ball pythons
  2 bats
  5 endoplasms
  2 giant cockroaches
  4 hobgoblins
  3 jackals (D:2)
  5 quokkas
  3 frilled lizards
  2 goblins
  4 kobolds
  3 rats
40 creatures vanquished.

Notes
Turn   | Place    | Note
-------+----------+-------------------------------------------
     0 | D:1      | frimble the Octopode Warper began the quest for the Orb.
     0 | D:1      | Reached XP level 1. HP: 14/14 MP: 3/3
   196 | D:1      | Reached skill level 1 in Stealth
   388 | D:1      | Reached XP level 2. HP: 19/19 MP: 5/5
  1555 | D:2      | Found Zauckib's Assorted Antiques.
  1691 | D:2      | Reached XP level 3. HP: 19/24 MP: 6/6
  2234 | D:2      | Noticed a golden eye
  2236 | D:2      | Found a faded altar of an unknown god.
  2238 | D:2      | Noticed a floating eye
  2238 | D:2      | Noticed a shining eye
  2238 | D:2      | Noticed an eye of devastation
  2655 | D:2      | Bought a scroll labelled HORIDISHAI for 30 gold pieces
  2655 | D:2      | Bought a black potion for 27 gold pieces
  2655 | D:2      | Bought a scroll labelled VEAGUVAWOI for 30 gold pieces
  2704 | D:3      | Learned a level 2 spell: Blink
  2757 | D:3      | You fall into a shaft and drop 1 floor!
  2761 | D:4      | Noticed a scorpion
  2785 | D:4      | Reached XP level 4. HP: 13/29 MP: 5/7
  2806 | D:4      | Slain by a hound

Illustrated notes

Levels and vault maps discovered:
D:1:      nzn_arrival_crosshair, layout_basic, minmay_misc_feat_pillars
D:2:      layout_basic, serial_shops, nicolae_shop_overgrown_old_shop,
          hellmonk_ecumenical_altar_watching_god, kennysheep_generic_room_11
D:3:      layout_rooms, mainiacjoe_overflow_chevrons,
          mainiacjoe_overflow_alcove_2, uniq_jessica
D:4:      layout_cave_pools, nicolae_uskayaw_murder_on_the_dancefloor,
          minmay_goblin_kobold_house, uniq_blork_the_orc

Skill      XL: |  1  2  3 |
---------------+----------+-----
Stealth        | 1 2 3 |  3.1
Long Blades    | 3 |  3.0
Fighting       | |  2.0
Throwing       | |  1.0
Dodging        | |  2.3
Spellcasting   | |  2.0
Translocations | |  3.8

Action                   |  1- 3 |  4- 6 || total
-------------------------+-------+-------++-------
Melee: Falchion          |    81 |     9 ||    90
       Constrict         |    19 |     3 ||    22
       Tentacles         |    18 |     2 ||    20
       Punch             |     1 |       ||     1
 Cast: Blink             |     1 |       ||     1
  Use: Scroll            |     9 |       ||     9
 Stab: Sleeping          |     5 |     2 ||     7
Armor: Skin              |     9 |       ||     9
Dodge: Dodged            |    56 |     7 ||    63

Table legend: (Time is in decaauts)
 A = Elapsed time spent in this place.
 B = Non-inter-level travel time spent in this place.
 C = Inter-level travel time spent in this place.
 D = Time resting spent in this place.
 E = Time spent auto-exploring this place.
 F = Levels seen in this place.
 G = Mean time per level.
                   A        B        C        D        E       F      G
               +--------+--------+--------+--------+--------+-----+--------+
         Total |   2820 |   2741 |     79 |     24 |   2385 |   4 |  705.0 |
       Dungeon |   2820 |   2741 |     79 |     24 |   2385 |   4 |  705.0 |
               +--------+--------+--------+--------+--------+-----+--------+

Top non-repeatable levels by time:
     D:2: 1635 daAuts
     D:1: 1048 daAuts
     D:3: 86 daAuts
     D:4: 50 daAuts
